 Dungeon Sprint DCSS version 0.31-a0-37-g98a128e1d9 (webtiles) character file.

Game seed: 7015557891155227061

436 sircluck the Grappler (level 6, -6/106 HPs)
             Began as a Troll Berserker on May 15, 2023.
             Was a Believer of Trog.
             Succumbed to Sonja's poison
             ... in the Dungeon (Sprint I: "Red Sonja").
             The game lasted 00:01:07 (185 turns).

sircluck the Grappler (Troll Berserker)              Turns: 185, Time: 00:01:08

Health: -6/106     AC:  4    Str: 28    XL:     6   Next: 69%
Magic:  5/5        EV: 11    Int:  3    God:    Trog [**....]
Gold:   308        SH:  0    Dex:  9    Spells: 5/5 levels left

rFire   . .          .
                       - Unarmed
rCold   . . .        (no shield)
rNeg    . . .        a - +0 animal skin
rPois   .            (helmet restricted)
rElec   .            (no cloak)
rCorr   .            (gloves unavailable)
SInv    .            (boots unavailable)
Will    ++...        (no amulet) Stlth
                     (no ring)
HPRegen 2.17/turn    (no ring)
MPRegen 0.09/turn

%: no teleportation
@: berserking, lethally poisoned (-6 -> -34), strong-willed, regenerating,
slowed
A: large, unfitting armour, claws 3, regeneration 1, shaggy fur 1, tough skin 1
a: Renounce Religion, Berserk, Trog's Hand


You were in the Dungeon.
You worshipped Trog.
Trog was pleased with you.
You visited 1 branch You collected 308 gold pieces.

Inventory:

Missiles
 g - 4 large rocks (quivered)
Armour
 a - a +0 animal skin (worn)
Wands
 h - a wand of mindburst (14)
Potions
 b - a potion of curing
 c - a potion of heal wounds
 d - a potion of haste
 e - 2 potions of magic
 f - a potion of berserk rage
 i - a potion of brilliance {unknown}


   Skills:
 + Level 7.3 Fighting
 + Level 7.1 Dodging
 + Level 9.2 Unarmed Combat
 + Level 0.9 Evocations


You had 5 spell levels left.
You didn't know any spells.
Your spell library was empty.

Dungeon Overview and Level Annotations

Branches:
Dungeon (1/1)

Altars:
Cheibriados
Dithmenos
Elyvilon
Fedhas
Gozag
Hepliaklqana
Kikubaaqudgha
Nemelex Xobeh
Okawaru
Qazlal
Ru
Sif Muna
Trog
Uskayaw
Vehumet
Wu Jian
Yredelemnul
Zin
The Shining One

Shops:
D *

Annotations:
D Sonja


Innate Abilities, Weirdness & Mutations

You are too large for most types of armour.
You have claws for hands.
Your natural rate of healing is unusually fast.
You are covered in fur. (AC +1)
You have tough skin. (AC +1)


Message History

Sonja completely misses you.
Sonja hits you with a +0 short sword of venom!
Sonja hits you with a +0 short sword of venom.
You are more poisoned.
Sonja hits you with a +0 short sword of venom.
You are more poisoned.
Unknown command.
You completely miss Sonja.
Sonja is heavily wounded.
You feel extremely sick.
Sonja hits you with a +0 short sword of venom!
Sonja barely misses you. Sonja hits you but does no damage.
You claw Sonja!
Sonja is severely wounded.
You feel extremely sick.
Sonja hits you with a +0 short sword of venom.
You are more poisoned.
Sonja closely misses you.
Sonja hits you with a +0 short sword of venom.
You are more poisoned.
Sonja hits you with a +0 short sword of venom.
You are lethally poisoned!
Sonja hits you with a +0 short sword of venom.
* * * LOW HITPOINT WARNING * * *
You are more poisoned.
Sonja hits you with a +0 short sword of venom.
* * * LOW HITPOINT WARNING * * *
You are more poisoned.
You barely miss Sonja.
Sonja is severely wounded.
* * * LOW HITPOINT WARNING * * *
You feel extremely sick.
Sonja mumbles some strange words.
Sonja blinks!
Unknown command.
* * * LOW HITPOINT WARNING * * *
You feel extremely sick.
There is an open door, spattered with blood here.
You feel a strong urge to attack something.
You die...

#..').#..').#..+
#.)#####'#####'#
#..####..#...#.#
#..#__####.K##.#
#..#_____##'#_.+
#⌠⌠#_.∩...'..._#
####_..__##_.#'#
#_____###§#.#
####### #@###
+$.$+ #$.$#
##.## #+#


You could see Sonja.

Vanquished Creatures
  Sigmund (D)
  A yak (D)
  An ogre (D)
  A jelly (D)
  Ijyb (D)
5 creatures vanquished.

Notes
Turn   | Place    | Note
-------+----------+-------------------------------------------
     0 | D        | sircluck the Troll Berserker began the quest for the Orb.
     0 | D        | Reached XP level 1. HP: 22/22 MP: 0/0
     1 | D        | Noticed Ijyb
    10 | D        | Killed Ijyb
    11 | D        | Reached skill level 4 in Unarmed Combat
    11 | D        | Reached XP level 2. HP: 18/31 MP: 1/1
    25 | D        | Noticed an ogre
    34 | D        | Killed an ogre
    35 | D        | Reached skill level 5 in Fighting
    35 | D        | Reached skill level 6 in Unarmed Combat
    35 | D        | Reached XP level 3. HP: 12/42 MP: 2/2
    35 | D        | Reached XP level 4. HP: 15/50 MP: 3/3
    83 | D        | Noticed Sigmund
    92 | D        | Killed Sigmund
    92 | D        | Reached ** piety under Trog
    93 | D        | Reached skill level 8 in Unarmed Combat
    93 | D        | Reached XP level 5. HP: 61/61 MP: 4/4
    93 | D        | Reached XP level 6. HP: 68/68 MP: 5/5
   120 | D        | Found an ornate altar of the Wu Jian Council.
   120 | D        | Found a shimmering blue altar of Sif Muna.
   122 | D        | Found a radiant altar of Vehumet.
   140 | D        | Found Tutip's General Store.
   140 | D        | Found an ancient bone altar of Kikubaaqudgha.
   140 | D        | Found a hazy altar of Hepliaklqana.
   140 | D        | Found a stormy altar of Qazlal.
   140 | D        | Found a hide-covered altar of Uskayaw.
   140 | D        | Found a blossoming altar of Fedhas.
   140 | D        | Found a bloodstained altar of Trog.
   140 | D        | Found an iron altar of Okawaru.
   140 | D        | Found a basalt altar of Yredelemnul.
   140 | D        | Found a glowing golden altar of the Shining One.
   140 | D        | Found a snail-covered altar of Cheibriados.
   140 | D        | Found a sacrificial altar of Ru.
   140 | D        | Found a glowing silver altar of Zin.
   140 | D        | Found a shadowy altar of Dithmenos.
   140 | D        | Found a white marble altar of Elyvilon.
   140 | D        | Noticed a yak
   144 | D        | Killed a yak
   145 | D        | Reached skill level 9 in Unarmed Combat
   145 | D        | Found an opulent altar of Gozag.
   146 | D        | Found a sparkling altar of Nemelex Xobeh.
   176 | D        | Noticed Sonja
   184 | D        | HP: 3/106 [poisoned by Sonja]
   185 | D        | Succumbed to Sonja's poison

Illustrated notes

Levels and vault maps discovered:
D:        dungeon_sprint_1 [red_sonja_temple_1, red_sonja_temple_small_1]

Skill      XL: |  1  2  3  4  5  6 |
---------------+-------------------+-----
Fighting       | 3 5 6 7 |  7.3
Dodging        | 3 4 6 7 |  7.1
Unarmed Combat | 4 6 8 9 |  9.2
Evocations     | |  0.9

Action                     |  1- 3 |  4- 6 || total
---------------------------+-------+-------++-------
  Melee: Unarmed           |    10 |    15 ||    25
         Punch             |       |     1 ||     1
 Invoke: Berserk           |       |     1 ||     1
         Trog's Hand       |       |     1 ||     1
  Evoke: Wand              |     2 |     2 ||     4
    Use: Scroll            |     1 |       ||     1
 Armour: Animal skin       |       |     2 ||     2
  Dodge: Dodged            |     3 |     7 ||    10

Table legend: (Time is in decaauts)
 A = Elapsed time spent in this place.
 B = Non-inter-level travel time spent in this place.
 C = Inter-level travel time spent in this place.
 D = Time resting spent in this place.
 E = Time spent auto-exploring this place.
 F = Levels seen in this place.
 G = Mean time per level.
                   A        B        C        D        E       F      G
               +--------+--------+--------+--------+--------+-----+--------+
         Total |    183 |    183 |      0 |      0 |     83 |   1 |  183.0 |
       Dungeon |    183 |    183 |      0 |      0 |     83 |   1 |  183.0 |
               +--------+--------+--------+--------+--------+-----+--------+

Top non-repeatable levels by time:
       D: 183 daAuts
